 Dungeon Crawl Stone Soup version 0.31-a0-700-gf13585253f (webtiles) character file.

Game seed: 15797250603236147765

28 qw the Shooter (level 3, -5/21 HPs)
             Began as a Gargoyle Hunter on Sept 7, 2023.
             Slain by Sigmund
             ... wielding a +0 scythe
              (8 damage)
             ... on level 2 of the Dungeon.
             The game lasted 00:00:22 (834 turns).

qw the Shooter (Gargoyle Hunter)                     Turns: 834, Time: 00:00:22

Health: -5/21      AC:  9    Str: 14    XL:     3   Next: 12%
Magic:  3/3        EV: 10    Int:  9    God:
Gold:   31         SH:  0    Dex: 15    Spells: 2/2 levels left

rFire   . . .        Y - +0 shortbow
rCold   . . .        (shield currently unavailable)
rNeg    + . .        g - +0 ring mail
rPois   inf          k - +0 helmet
rElec   +            (no cloak)
rCorr   .            (no gloves)
SInv    .            (no boots)
Will    .....        (no amulet)
Stlth   +            (no ring)
HPRegen 0.23/turn    (no ring)
MPRegen 0.08/turn

%: no passive effects
@: no status effects
A: sickness immunity, AC +3, negative energy resistance 1, electricity
resistance, torment resistance 1, petrification resistance
a: no special abilities


You were on level 2 of the Dungeon.
You visited 1 branch of the dungeon, and saw 2 of its levels.

You collected 31 gold pieces.


Innate Abilities, Weirdness & Mutations

You are immune to sickness and miasma.
Your stone body is resilient. (AC +3)
You are immune to poison.
You resist negative energy. (rN+)
You are resistant to electric shocks. (rElec)
You are resistant to unholy torment.
You are immune to petrification.


   Skills:
 - Level 2.1 Fighting
 - Level 4.9 Ranged Weapons
 + Level 0.6 Armour
 - Level 1.5 Dodging
 - Level 1.1 Stealth


You had 2 spell levels left.
You didn't know any spells.
Your spell library was empty.

Inventory:

Hand Weapons
 Y - a +0 shortbow (weapon)
Armour
 g - a +0 ring mail (worn)
 k - a +0 helmet (worn)
Scrolls
 a - a scroll of identify
Potions
 d - a potion of degeneration {unknown}
 h - a potion of haste {unknown}

Dungeon Overview and Level Annotations

Branches:
Dungeon (2/15)

Altars:

Annotations:
D:2 Sigmund


Message History

Sigmund the Dreaded comes into view.
He is wielding a +0 scythe.
Sigmund shouts!
You shoot an arrow. The arrow hits Sigmund.
Sigmund is lightly wounded.
You shoot an arrow. The arrow hits Sigmund.
Sigmund is lightly wounded.
You shoot an arrow. The arrow hits Sigmund.
Sigmund is moderately wounded.
You shoot an arrow.
The arrow hits Sigmund but does no damage.
Sigmund is moderately wounded.
Sigmund barely misses you.
You shoot an arrow. The arrow hits Sigmund.
Sigmund is heavily wounded.
Sigmund casts a spell at you.
You are confused.
Sigmund gestures wildly while chanting.
Sigmund flickers and vanishes!
Deactivating autopickup; reactivate with Ctrl-A.
You shoot an arrow. Something hits you.
You shoot an arrow. Something hits you but does no damage.
You shoot an arrow. Something hits you but does no damage.
You shoot an arrow.
You feel less confused. Something hits you but does no damage.
You shoot an arrow. You shoot an arrow. Something hits you!
You shoot an arrow. Something hits you.
You shoot an arrow. Something hits you.
You shoot an arrow. Something hits you.
You shoot an arrow. Something hits you!
You die...

#..# #>.#
#..##########
#............
#.####.######.####
#......#####..
#.###.........#
##.#####..#
#...@.{..#
########.... .


There were no monsters in sight!

Vanquished Creatures
  4 endoplasms
  2 giant cockroaches (D:1)
  5 hobgoblins
  3 kobolds (D:1)
  3 quokkas (D:1)
  3 bats
  A frilled lizard (D:1)
  2 rats
23 creatures vanquished.

Notes
Turn   | Place    | Note
-------+----------+-------------------------------------------
     0 | D:1      | qw the Gargoyle Hunter began the quest for the Orb.
     0 | D:1      | Reached XP level 1. HP: 12/12 MP: 1/1
     0 | D:1      | 0 ||| qw: Version: 0.3-a-76-g4403597
     0 | D:1      | 0 ||| qw: Game counter: 454
     0 | D:1      | 0 ||| qw: Melee chars always use a shield: true
     0 | D:1      | 0 ||| qw: God list: Okawaru
     0 | D:1      | 0 ||| qw: Allow faded altars: false
     0 | D:1      | 0 ||| qw: Do Orc after clearing Dungeon:15 true
     0 | D:1      | 0 ||| qw: Do second Lair branch before Depths: true
     0 | D:1      | 0 ||| qw: Lair rune preference: random
     0 | D:1      | 0 ||| qw: Goals: Normal
     0 | D:1      | 0 ||| PLANNING D:1-11
    76 | D:1      | Reached XP level 2. HP: 17/17 MP: 2/2
   694 | D:1      | Reached XP level 3. HP: 21/21 MP: 3/3
   695 | D:1      | 695 ||| UPGRADING to +0 ring mail.
   705 | D:1      | 705 ||| DROPPING +0 leather armour.
   706 | D:1      | 706 ||| UPGRADING to +0 helmet.
   711 | D:1      | 711 ||| READING scroll labelled DAGUITONODGH.
   715 | D:1      | 715 ||| READING scroll labelled EDURUYNGUN.
   716 | D:1      | 716 ||| READING scroll labelled GIGEAR POMAGO.
   717 | D:1      | 717 ||| READING scroll labelled ROCEUG MOLU.
   718 | D:1      | 718 ||| READING scroll labelled KEOWEO UTHEVA.
   719 | D:1      | 719 ||| DROPPING scroll of butterflies.
   818 | D:2      | Noticed Sigmund
   833 | D:2      | HP: 2/21 [something (4)]
   834 | D:2      | Slain by Sigmund

Levels and vault maps discovered:
D:1:      evilmike_arrival_plus, layout_basic
D:2:      layout_loops_ring, uniq_sigmund

Action                     || total
---------------------------++-------
   Fire: Shortbow          ||    88
    Use: Scroll            ||     5
 Armour: Leather armour    ||    17
         Ring mail         ||    11
  Dodge: Dodged            ||    12

Table legend:
 A = Non-vault XP
 B = Vault XP
 C = Vault XP percentage of total XP
 D = Non-vault monster count
 E = Vault monster count
 F = Vault count percentage of total count
                 A         B        C        D         E       F
            +---------+---------+-------+---------+---------+-------
      Total |      40 |       0 |   0.0 |      23 |       0 |   0.0
            +---------+---------+-------+---------+---------+-------
        D:1 |      34 |       0 |   0.0 |      19 |       0 |   0.0
        D:2 |       6 |       0 |   0.0 |       4 |       0 |   0.0
            +---------+---------+-------+---------+---------+-------
